 Dungeon Crawl Stone Soup version 0.29-a0-275-g389c0b56f3 (webtiles) character file.

Game seed: 8235446742796440927

31941 ders the Geomancer (level 13, -1/63 HPs)
             Began as a Gargoyle Earth Elementalist on Mar 9, 2022.
             Was a High Priest of Vehumet.
             Slain by a polar bear (17 damage)
             ... on level 6 of the Lair of Beasts.
             The game lasted 00:28:49 (20030 turns).

ders the Geomancer (Gargoyle Earth Elementalist)   Turns: 20030, Time: 00:28:50

Health: -1/63      AC: 13    Str: 16    XL:     13   Next: 61%
Magic:  16/28      EV: 12    Int: 21    God:    Vehumet [*****.]
Gold:   1029       SH:  0    Dex: 13    Spells: 9/34 levels left

rFire   . . .      SeeInvis .   t - staff of earth
rCold   + . .      Faith    .   (no shield)
rNeg    + + .      Spirit   .   I - +1 robe "Ohullif" {Rampage rElec rPois Str+4}
rPois   ∞          Reflect  .   (no helmet)
rElec   +          Harm     .   (no cloak)
rCorr   +          Rampage  +   O - +0 pair of gloves "Doisom" {rElec rN+}
Will    .....                   (no boots)
Stlth   ++........              (no amulet)
HPRegen 0.20/turn               n - ring of flight
MPRegen 0.21/turn               A - ring "Ruta" {Contam rElec rC+ rCorr Dex+3}

@: flying, very slightly contaminated
A: sickness immunity, AC +9, negative energy resistance 1, electricity
resistance, torment resistance 1, petrification resistance
a: Renounce Religion


You were on level 6 of the Lair of Beasts.
You worshipped Vehumet.
Vehumet was extremely pleased with you.
You visited 3 branches of the dungeon, and saw 16 of its levels.

You collected 1029 gold pieces.

Inventory:

Hand Weapons
 m - a +0 dagger of venom
 z - the +9 hunting sling of World's End {venom, Drain rC+ Int+4}
   (You found it on level 5 of the Dungeon)

   Any ammunition fired from it poisons the flesh of those it strikes.
   Int:       It affects your intelligence (+4).
   rC:        It protects you from cold.
   Drain:     It drains your maximum health when unequipped.
Missiles
 a - 368 stones
 D - 2 throwing nets
Armour
 b - a +0 robe
 I - the +1 robe "Ohullif" (worn) {Rampage rElec rPois Str+4}
   (You found it on level 8 of the Dungeon)

   Str:       It affects your strength (+4).
   rElec:     It insulates you from electricity.
   rPois:     It protects you from poison.
   Rampage:   It bestows one free step when moving towards enemies.
 O - the +0 pair of gloves "Doisom" (worn) {rElec rN+}
   (You found it on level 5 of the Lair of Beasts)

   rElec:     It insulates you from electricity.
   rN:        It protects you from negative energy.
Magical Staves
 t - a staff of earth (weapon)
Jewellery
 n - a ring of flight (left hand)
 x - a +6 ring of strength
 A - the ring "Ruta" (right hand) {Contam rElec rC+ rCorr Dex+3}
   (You found it on level 5 of the Dungeon)

   [ring of resist corrosion]

   Dex:       It affects your dexterity (+3).
   rC:        It protects you from cold.
   rElec:     It insulates you from electricity.
   Contam:    It causes magical contamination when unequipped.
   rCorr:     It protects you from acid and corrosion.
 J - a ring of fire
Wands
 r - a wand of acid (6)
 w - a wand of paralysis (5)
 y - a wand of flame (17)
 B - a wand of polymorph (7)
 F - a wand of iceblast (1)
Scrolls
 e - 3 scrolls of fog
 j - 3 scrolls of enchant armour
 k - 2 scrolls of noise
 l - 6 scrolls of magic mapping
 o - 2 scrolls of identify
 v - 3 scrolls of immolation
 C - a scroll of torment
 K - 2 scrolls of teleportation
 L - a scroll of blinking
 M - a scroll of fear
 N - a scroll of summoning
Potions
 d - 2 potions of lignification
 f - 2 potions of might
 g - 2 potions of curing
 h - 2 potions of flight
 i - 3 potions of cancellation
 p - 2 potions of mutation
 q - 2 potions of degeneration
 s - 4 potions of haste
 E - 4 potions of heal wounds
 G - a potion of invisibility
 H - a potion of attraction


   Skills:
 - Level 1.5 Dodging
 - Level 2.1 Stealth
 * Level 11.4 Spellcasting
 * Level 13.2 Conjurations
 - Level 4.1 Hexes
 - Level 2.0 Transmutations
 + Level 6.4 Air Magic
 * Level 14.8 Earth Magic


You had 9 spell levels left.
You knew the following spells:

 Your Spells              Type           Power      Damage    Failure   Level
a - Sandblast             Erth           100%       2d20      0%          1
b - Stone Arrow           Conj/Erth      100%       3d13      1%          3
c - Passwall              Tmut/Erth      52%        N/A       1%          2
e - Mephitic Cloud        Conj/Pois/Air  39%        N/A       1%          3
f - Freezing Cloud        Conj/Ice/Air   19%        6-21      3%          5
g - Lee's Rapid Deconstr  Erth           42%        3d21*     1%          5
h - Iron Shot             Conj/Erth      41%        9d8       1%          6

Your spell library contained the following spells:

 Spells                   Type           Power      Damage    Failure   Level
 Fireball                 Conj/Fire      19%        3d9       3%          5
 Magic Dart               Conj           100%       1d8       1%          1
 Searing Ray              Conj           100%       2d8       1%          2
 Inner Flame              Hex/Fire       20%        N/A       1%          3
 Swiftness                Air            38%        N/A       1%          3
 Fulminant Prism          Conj/Hex       24%        3d13      1%          4
 Petrify                  Tmut/Erth      63%        N/A       1%          4
 Corpse Rot               Necr/Air       50%        N/A       2%          2
 Ensorcelled Hibernation  Hex/Ice        40%        N/A       3%          2
 Ignite Poison            Fire/Tmut/Pois 14%        N/A       3%          3
 Animate Skeleton         Necr           22%        N/A       5%          1
 Apportation              Tloc           22%        N/A       5%          1
 Pain                     Necr           44%        1d6       5%          1
 Summon Small Mammal      Summ           44%        N/A       5%          1
 Cause Fear               Hex            14%        N/A       10%         4
 Gell's Gravitas          Tloc           11%        N/A       17%         3
 Teleport Other           Tloc           11%        N/A       17%         3
 Vampiric Draining        Necr           11%        2d6       17%         3
 Dispel Undead            Necr           11%        3d9       50%         4
 Death Channel            Necr           5%         N/A       100%        6
 Dispersal                Tloc           5%         N/A       100%        6
 Simulacrum               Ice/Necr       5%         N/A       100%        6
 Discord                  Hex            14%        N/A       100%        8
 Polar Vortex             Ice            5%         N/A       100%        9


Dungeon Overview and Level Annotations

Branches:
Dungeon (9/15)             Temple (1/1) D:4            Lair (6/6) D:9
 Shoals (0/4) Lair:2       Spider (0/4) Lair:3        Slime (0/5) Lair:5
    Orc: D:9-12

Altars:
Ashenzari
Cheibriados
Dithmenos
Elyvilon
Fedhas
Gozag
Hepliaklqana
Kikubaaqudgha
Makhleb
Nemelex Xobeh
Okawaru
Qazlal
Ru
Trog
Uskayaw
Vehumet
Wu Jian
Xom
Yredelemnul
Zin
The Shining One

Shops:
D:7 [   D:9 (


Innate Abilities, Weirdness & Mutations

You are immune to sickness and miasma.
Your stone body is resilient. (AC +9)
You are immune to poison.
You resist negative energy. (rN+)
You are resistant to electric shocks. (rElec)
You are resistant to unholy torment.
You are immune to petrification.


Message History

Unknown command.
The polar bear attacks as you move away!
The polar bear bites you! The polar bear closely misses you.
The polar bear barely misses you.
The polar bear attacks as you move away!
The polar bear bites you. The polar bear claws you. x2
The polar bear bites you but does no damage.
The polar bear closely misses you. The polar bear barely misses you.
The polar bear attacks as you move away!
The polar bear closely misses you. The polar bear misses you.
The polar bear claws you but does no damage.
You see here a polar bear corpse.
Casting: Sandblast (safe; 0% risk of failure)
Confirm with . or Enter, or press ? or * to list all spells.
Aiming: Sandblast (safe; 0% risk of failure)
Press: ? - help, Shift-Dir - straight line, f/p - polar bear
Aim: a polar bear (severely wounded, berserk, 88% to hit)
You feel a surge of power!
The blast of sand hits the polar bear.
The polar bear is severely wounded.
The polar bear bites you! The polar bear barely misses you.
The polar bear closely misses you. The polar bear bites you!!
* * * LOW HITPOINT WARNING * * *
The polar bear barely misses you. The polar bear completely misses you.
Unknown command.
Casting: Sandblast (safe; 0% risk of failure)
Confirm with . or Enter, or press ? or * to list all spells.
You don't have enough magic to cast this spell.
Magic courses through your body. The polar bear closely misses you.
The polar bear misses you.
The polar bear claws you but does no damage.
Your magical contamination has completely faded away.
Casting: Sandblast (safe; 0% risk of failure)
Confirm with . or Enter, or press ? or * to list all spells.
Aiming: Iron Shot (dangerous; 1% risk of failure)
Press: ? - help, Shift-Dir - straight line, f/p - polar bear
Aim: a polar bear (severely wounded, berserk, 82% to hit)
You feel a surge of power!
You miscast Iron Shot.
You are very lightly contaminated with residual magic.
Nothing appears to happen.
The polar bear bites you!
You die...

......#################
........P.#........... .
...........#....P....# .# .
........#.##...#.P...##.#..
.........####..##...##...#+
.......#..#...P.##.........
...........................
.....[.....................
................@h.........
.....................P.....
.....................
..#..#....#.○..P##..#
#.#.#####.†°P.# ## ...
#.....# . #.○.....
##.○.:... .......


You could see a polar bear (berserk).

Vanquished Creatures
  Nessos (Lair:5)
  5 hydras
  An elephant (Lair:6)
  7 black mambas
  9 cane toads
  3 torpor snails
  5 komodo dragons
  5 rime drakes
  19 blink frogs
  3 polar bears
  4 jumping spiders (Lair:3)
  2 culicivoras (Lair:3)
  A vampire (D:9)
  A wraith (D:9)
  35 yaks
  3 wyverns
  A redback (Lair:3)
  2 steam dragons
  6 basilisks
  15 water moccasins
  An ice beast (D:6)
  3 sky beasts
  2 orc warriors
  7 black bears
  11 wolves (Lair:2)
  An ogre (D:4)
  3 centaurs
  6 kobold brigands (D:4)
  13 bullfrogs
  A necrophage (D:5)
  A scorpion (D:6)
  9 wights (D:9)
  6 killer bees
  5 howler monkeys
  5 jellies
  2 hounds
  3 gnoll shamans
  6 orc priests
  4 iguanas
  Crazy Yiuf (D:7)
  5 hell rats (Lair:2)
  Terence (D:2)
  7 orc wizards
  29 gnolls
  5 adders
  2 white imps
  4 dart slugs
  22 orcs
  5 ball pythons
  8 bats
  5 endoplasms
  5 giant cockroaches
  10 goblins
  8 hobgoblins
  6 jackals
  38 kobolds
  A quokka (D:4)
  3 frilled lizards
  2 rats
384 creatures vanquished.

Vanquished Creatures (others)
  12 fulminant prisms (D:9)
  81 fungi
  79 plants
172 creatures vanquished.

Grand Total: 556 creatures vanquished

Notes
Turn   | Place    | Note
-------+----------+-------------------------------------------
     0 | D:1      | ders the Gargoyle Earth Elementalist began the quest for
                  | the Orb.
     0 | D:1      | Reached XP level 1. HP: 10/10 MP: 3/3
   253 | D:1      | Reached XP level 2. HP: 15/15 MP: 3/5
   271 | D:1      | Reached skill level 1 in Conjurations
   374 | D:1      | Reached skill level 4 in Earth Magic
   703 | D:1      | Reached XP level 3. HP: 19/19 MP: 2/6
   903 | D:1      | Learned a level 3 spell: Stone Arrow
   924 | D:1      | Found a faded altar of an unknown god.
  1068 | D:2      | Noticed Terence
  1235 | D:2      | Reached XP level 4. HP: 23/24 MP: 1/8
  2048 | D:2      | Killed Terence
  2418 | D:3      | Reached XP level 5. HP: 28/28 MP: 0/9
  2921 | D:3      | Learned a level 2 spell: Passwall
  3471 | D:4      | Found a staircase to the Ecumenical Temple.
  3475 | D:4      | Reached skill level 5 in Earth Magic
  3557 | Temple   | Entered the Ecumenical Temple
  3707 | Temple   | Became a worshipper of Vehumet
  3805 | D:4      | Noticed an ogre
  3810 | D:4      | Killed an ogre
  3811 | D:4      | Reached XP level 6. HP: 32/32 MP: 0/11
  4454 | D:4      | Reached skill level 6 in Earth Magic
  4614 | D:4      | Noticed a sky beast
  4632 | D:4      | Killed a sky beast
  4633 | D:4      | Reached XP level 7. HP: 24/36 MP: 1/13
  4868 | D:4      | Reached * piety under Vehumet
  4868 | D:4      | Offered knowledge of Freeze by Vehumet.
  5116 | D:4      | Reached skill level 5 in Conjurations
  5121 | D:4      | Reached skill level 7 in Earth Magic
  5129 | D:4      | Reached XP level 8. HP: 10/41 MP: 0/15
  5485 | D:4      | Reached skill level 5 in Spellcasting
  5674 | D:4      | Learned a level 4 spell: Fulminant Prism
  5679 | D:4      | Learned a level 3 spell: Mephitic Cloud
  6012 | D:5      | Entered Level 5 of the Dungeon
  6061 | D:5      | Reached skill level 1 in Transmutations
  6079 | D:5      | Offered knowledge of Scorch by Vehumet.
  6195 | D:5      | Reached ** piety under Vehumet
  6218 | D:5      | Identified the +9 hunting sling of World's End {venom,
                  | Drain rC+ Int+4}
  6567 | D:5      | Identified the ring "Ruta" {Contam rElec rC+ rCorr Dex+3}
  6594 | D:5      | Reached skill level 1 in Hexes
  6594 | D:5      | Reached skill level 1 in Air Magic
  7163 | D:6      | Learned a level 5 spell: Freezing Cloud
  7439 | D:6      | Reached skill level 8 in Earth Magic
  7556 | D:6      | Reached XP level 9. HP: 45/45 MP: 2/17
  8095 | D:7      | Offered knowledge of Static Discharge by Vehumet.
  8188 | D:7      | Found a runed translucent door.
  8189 | D:7      | Noticed Crazy Yiuf
  8433 | D:7      | You are sucked into a shaft and drop 2 floors!
  8433 | D:9      | Found an opulent altar of Gozag.
  8433 | D:9      | Found Wauhuph's Antique Weapon Emporium.
  8592 | D:7      | Found Mosen's Armour Emporium.
  9139 | D:7      | Identified the +1 leather armour "Mastiq" {MP+9}
  9266 | D:7      | Killed Crazy Yiuf
  9361 | D:8      | Reached skill level 9 in Earth Magic
  9476 | D:8      | Found a hazy altar of Hepliaklqana.
  9524 | D:8      | Reached *** piety under Vehumet
  9620 | D:8      | Identified the +1 robe "Ohullif" {Rampage rElec rPois
                  | Str+4}
  9950 | D:8      | Identified a scroll of acquirement
  9950 | D:8      | Acquired a staff of earth
  9971 | D:8      | Offered knowledge of Iskenderun's Mystic Blast by Vehumet.
 10037 | D:8      | Reached XP level 10. HP: 50/50 MP: 17/20
 10539 | D:9      | Reached skill level 10 in Earth Magic
 10833 | D:9      | Found a staircase to the Lair.
 11122 | D:9      | Reached **** piety under Vehumet
 11256 | D:9      | Offered knowledge of Lee's Rapid Deconstruction by Vehumet.
 12028 | Lair:1   | Entered Level 1 of the Lair of Beasts
 12051 | Lair:1   | Reached XP level 11. HP: 35/54 MP: 3/23
 12269 | Lair:1   | Learned a level 5 spell: Lee's Rapid Deconstruction
 12339 | Lair:1   | Reached skill level 11 in Earth Magic
 13072 | Lair:1   | Reached skill level 10 in Conjurations
 13073 | Lair:1   | Reached ***** piety under Vehumet
 13100 | Lair:1   | Offered knowledge of Iron Shot by Vehumet.
 13268 | Lair:1   | Noticed a six-headed hydra
 13271 | Lair:1   | Killed a six-headed hydra
 13272 | Lair:1   | Reached skill level 12 in Earth Magic
 14023 | Lair:2   | Found a staircase to the Shoals.
 14177 | Lair:2   | Reached XP level 12. HP: 59/59 MP: 14/25
 14813 | Lair:3   | Reached skill level 5 in Air Magic
 15183 | Lair:3   | Noticed a six-headed hydra
 15486 | Lair:3   | Noticed a seven-headed hydra
 15490 | Lair:3   | Killed a seven-headed hydra
 15498 | Lair:3   | Learned a level 6 spell: Iron Shot
 15696 | Lair:3   | Reached skill level 13 in Earth Magic
 15721 | Lair:3   | Killed a six-headed hydra
 15722 | Lair:3   | Reached skill level 10 in Spellcasting
 16341 | Lair:3   | Found a hole to the Spider Nest.
 18435 | Lair:4   | Noticed a six-headed hydra
 18442 | Lair:4   | Killed a six-headed hydra
 18443 | Lair:4   | Reached XP level 13. HP: 35/63 MP: 8/27
 18760 | Lair:5   | Found a staircase to the Slime Pits.
 18866 | Lair:5   | Reached skill level 14 in Earth Magic
 18899 | Lair:5   | Noticed Nessos
 18903 | Lair:5   | Killed Nessos
 19162 | Lair:5   | You are sucked into a shaft and drop 1 floor!
 19162 | Lair:6   | Entered Level 6 of the Lair of Beasts
 19405 | Lair:5   | Offered knowledge of Fireball by Vehumet.
 19729 | Lair:5   | Identified the +0 pair of gloves "Doisom" {rElec rN+}
 20030 | Lair:6   | Slain by a polar bear

Illustrated notes

Levels and vault maps discovered:
D:1:      lemuel_arrival_river_ford, layout_rooms,
          dilly_ecumenical_altar_fadedgnrine, chequers_serial_rivers_large_b,
          minmay_stone_trees_small
D:2:      layout_loops_ring, kennysheep_cross_room, minmay_hexomino_p4,
          uniq_terence
D:3:      layout_rooms, skrybe_limestone_x
D:4:      minmay_goblin_kobold_castle, layout_layer_cave,
          minmay_temple_entry_proselytizer, minmay_misc_feat_enclosed,
          chequers_jeans
D:5:      layout_cave_pools, chequers_serial_rivers_micro_e
D:6:      layout_basic
D:7:      layout_basic, serial_shops, shop_fountains, uniq_crazy_yiuf_cottage
D:8:      layout_basic, lemuel_doored_altar
D:9:      layout_loops_ring, nicolae_gozag_seed_capital,
          due_lair_maze_entry_diamond, serial_shops, nicolae_stop_n_shop_2,
          enter_bailey_3, grunt_ministairs_9
Temple:   mainiacjoe_temple_bowtie_tessellation
Lair:1:   layout_regular_city, chequers_serial_rivers_small_3,
          beast_lair_carwin_7, grunt_megastairs_4
Lair:2:   layout_chaotic_city, elwin_shoals_entry_rocks, beast_lair_carwin_3
Lair:3:   layout_loops_ring, nicolae_spider_entry_tight_spaces, serial_rivers,
          chequers_serial_rivers_room_b, chequers_serial_rivers_large_a,
          chequers_serial_rivers_room_b, chequers_serial_rivers_micro_b,
          st_stairs_7
Lair:4:   layout_cave_pods, hangedman_lair_generics_rect
Lair:5:   layout_roguey, slime_dummy, infiniplex_staircase_pool_2,
          grunt_megastairs_1, uniq_nessos
Lair:6:   gammafunk_lair_ancient_temple, layout_regular_city, tgw_fedhas

Skill      XL: |  1  2  3  4  5  6  7  8  9 10 11 12 13 |
---------------+----------------------------------------+-----
Conjurations   | 1 2 3 4 5 6 7 9 10 12 13 | 13.2
Earth Magic    | 4 5 6 7 8 9 10 12 13 14 | 14.8
Spellcasting   | 3 4 5 6 8 9 10 11 | 11.4
Transmutations | 1 2 |  2.0
Hexes          | 1 2 4 |  4.1
Air Magic      | 1 2 3 4 5 6 |  6.4
Dodging        | |  1.5
Stealth        | |  2.1

Action                   |  1- 3 |  4- 6 |  7- 9 | 10-12 | 13-15 || total
-------------------------+-------+-------+-------+-------+-------++-------
Melee: Unarmed           |     2 |       |       |       |       ||     2
       Dagger            |       |    12 |    38 |       |       ||    50
       Punch             |       |       |     3 |       |       ||     3
       Staff             |       |       |       |    16 |       ||    16
 Cast: Sandblast         |    27 |    67 |    82 |    88 |     5 ||   269
       Stone Arrow       |     2 |    29 |    99 |   145 |    45 ||   320
       Mephitic Cloud    |       |       |     6 |    10 |     1 ||    17
       Fulminant Prism   |       |       |       |    12 |       ||    12
       Freezing Cloud    |       |       |       |    28 |     7 ||    35
       Lee's Rapid Decon |       |       |       |    26 |    14 ||    40
       Iron Shot         |       |       |       |     1 |     3 ||     4
  Use: Scroll            |       |     5 |    13 |     4 |     7 ||    29
       Potion            |       |       |       |     1 |     3 ||     4
 Stab: Confused          |       |       |     1 |       |       ||     1
Armor: Robe              |     5 |    17 |    43 |    43 |     7 ||   115
Dodge: Dodged            |     3 |    25 |    55 |    72 |    20 ||   175

Table legend: (Time is in decaauts)
 A = Elapsed time spent in this place.
 B = Non-inter-level travel time spent in this place.
 C = Inter-level travel time spent in this place.
 D = Time resting spent in this place.
 E = Time spent auto-exploring this place.
 F = Levels seen in this place.
 G = Mean time per level.
                   A        B        C        D        E       F      G
               +--------+--------+--------+--------+--------+-----+--------+
         Total |  20066 |  19383 |    683 |   5368 |  12007 |  16 | 1254.1 |
       Dungeon |  11986 |  11659 |    327 |   2961 |   7404 |   9 | 1331.8 |
        Temple |    175 |    142 |     33 |      0 |    130 |   1 |  175.0 |
          Lair |   7904 |   7581 |    323 |   2407 |   4473 |   6 | 1317.3 |
               +--------+--------+--------+--------+--------+-----+--------+

Top non-repeatable levels by time:
     D:4: 2907 daAuts
     D:9: 1874 daAuts
  Lair:3: 1862 daAuts
  Lair:2: 1674 daAuts
  Lair:4: 1622 daAuts
  Lair:1: 1468 daAuts
     D:6: 1268 daAuts
     D:1: 1163 daAuts
     D:7: 1163 daAuts
     D:2: 1156 daAuts
     D:8: 1061 daAuts
  Lair:5: 1020 daAuts
     D:5: 747 daAuts
     D:3: 643 daAuts
  Lair:6: 255 daAuts
